MID
GREENVILLE DRIVE @ HICKORY CRAWDADS
07/18/2045
 
TOP OF THE 1ST
Greenville Drive batting - Pitching for Hickory Crawdads : LHP Logan Benson
Pitching: LHP Logan Benson
Batting: RHB Nick Cottrell 0-0: Ball
1-0: Ball
2-0: Ball
3-0: Called Strike
3-1: Called Strike
3-2: Strikes out swinging
Batting: RHB Frank Sokolosky 0-0: Ball
1-0: Called Strike
1-1: Ground out 6-3 (Groundball, 6MS, EV 73.1 MPH)
Batting: RHB Jose Diaz 0-0: Ball
1-0: SINGLE (Groundball, 56D, EV 96.9 MPH)
Batting: RHB Dave Nickerson 0-0: Foul Ball, location: 2F
0-1: Swinging Strike
0-2: Ball
1-2: Ball
2-2: SINGLE (Groundball, 56, EV 94.4 MPH) (infield hit)
Jose Diaz to second
Batting: RHB Tommy Boudreaux 0-0: Ball
1-0: Foul Ball, location: 2F
1-1: Ball
2-1: Foul Ball, location: 2F
2-2: Foul Ball, location: 2F
2-2: Strikes out swinging
Top of the 1st over - 0 runs, 2 hits, 0 errors, 2 left on base; Greenville 0 - Hickory 0
BOTTOM OF THE 1ST
Hickory Crawdads batting - Pitching for Greenville Drive : RHP Guillermo de Leon
Pitching: RHP Guillermo de Leon
Batting: RHB Luke Stark 0-0: Ball
1-0: Swinging Strike
1-1: Foul Ball, location: 2F
1-2: Strikes out looking
Batting: RHB Tom Beckman 0-0: Ground out 6-3 (Groundball, 6, EV 108.8 MPH)
Batting: LHB Nick Foutz 0-0: Foul Ball, location: 2F
0-1: Ground out 5-3 (Groundball, 56, EV 99.4 MPH)
Bottom of the 1st over - 0 runs, 0 hits, 0 errors, 0 left on base; Greenville 0 - Hickory 0
TOP OF THE 2ND
Greenville Drive batting - Pitching for Hickory Crawdads : LHP Logan Benson
Batting: RHB Mike Cavagnaro 0-0: Ball
1-0: Ball
2-0: Foul Ball, location: 2F
2-1: Foul Ball, location: 2F
2-2: SINGLE (Groundball, 6MD, EV 108.1 MPH)
Batting: LHB Frank Olivo 0-0: Called Strike
0-1: Ball
1-1: Swinging Strike
1-2: Ball
2-2: Foul Ball, location: 2F
2-2: Foul Ball, location: 2F
2-2: Grounds into double play, 5-4-3 (Groundball, 56, EV 103.8 MPH)
Batting: RHB Larry Brocato 0-0: Swinging Strike
0-1: Ball
1-1: Foul Ball, location: 2F
1-2: Foul Ball, location: 2F
1-2: Foul Ball, location: 2F
1-2: Foul Ball, location: 2F
1-2: Foul Ball, location: 2F
1-2: SINGLE (Line Drive, 9S, EV 92.5 MPH)
Batting: RHB Norimoto Miyanishi 0-0: Called Strike
0-1: Ball
Pickoff Throw to First - Error! E1
Larry Brocato to second
1-1: Ball
2-1: Ball
3-1: Swinging Strike
3-2: Strikes out looking
Top of the 2nd over - 0 runs, 2 hits, 1 error, 1 left on base; Greenville 0 - Hickory 0
BOTTOM OF THE 2ND
Hickory Crawdads batting - Pitching for Greenville Drive : RHP Guillermo de Leon
Batting: RHB Andy Sheridan 0-0: Ball
1-0: SINGLE (Groundball, 6D, EV 96.2 MPH)
Batting: RHB Chance Lamb 0-0: Ball
1-0: Ball
2-0: Called Strike
2-1: Ball
3-1: Base on Balls
Andy Sheridan to second
Batting: RHB Josh Ferguson 0-0: Ball
1-0: Ball
2-0: Called Strike
2-1: Swinging Strike
2-2: Ball
3-2: Base on Balls
Andy Sheridan to third
Chance Lamb to second
Batting: RHB Mike Trujillo 0-0: Foul Ball, location: 2F
0-1: Ball
1-1: Foul Ball, location: 2F
1-2: SINGLE (Flyball, 56D, EV 94.4 MPH)
Andy Sheridan scores
Chance Lamb to third
Josh Ferguson to second
Batting: RHB Mike Meeker 0-0: Called Strike
0-1: Ball
1-1: Foul Ball, location: 2F
1-2: SINGLE (Groundball, 56D, EV 101.2 MPH)
Chance Lamb scores
Josh Ferguson to third
Mike Trujillo to second
Batting: RHB Antonio Pacheco 0-0: Called Strike
0-1: Ball
1-1: Swinging Strike
1-2: Foul Ball, location: 2F
1-2: Ball
2-2: SINGLE (Line Drive, 7LS, EV 86.9 MPH)
Josh Ferguson scores
Mike Trujillo to third
Mike Meeker to second
Batting: RHB Luke Stark 0-0: Called Strike
0-1: Ball
1-1: SINGLE (Groundball, 6MD, EV 103.8 MPH)
Mike Trujillo scores
Mike Meeker to third
Antonio Pacheco to second
Runner from 3rd tries for Home, throw by CF and OUT! 8-2
Batting: RHB Tom Beckman 0-0: Ball
1-0: Called Strike
Antonio Pacheco steals 3rd base (no throw)
1-1: Ball
2-1: Ball
3-1: Base on Balls
Luke Stark to second
Batting: LHB Nick Foutz 0-0: SINGLE (Groundball, 34D, EV 99.4 MPH)
Antonio Pacheco scores
Luke Stark to third
Tom Beckman to second
Pitching: RHP Kasper Larkin
Batting: RHB Andy Sheridan 0-0: Called Strike
0-1: Swinging Strike
0-2: Ball
1-2: Foul Ball, location: 2F
1-2: SINGLE (Line Drive, 7S, EV 98.8 MPH)
Luke Stark scores
Tom Beckman to third
Nick Foutz to second
Batting: RHB Chance Lamb 0-0: Ball
1-0: Foul Ball, location: 2F
1-1: Foul Ball, location: 2F
1-2: Strikes out swinging
Batting: RHB Josh Ferguson 0-0: Foul Ball, location: 2F
0-1: Ball
1-1: Ball
2-1: Foul Ball, location: 2F
2-2: Fly out, F8 (Flyball, 8LXD, EV 101.9 MPH)
Bottom of the 2nd over - 6 runs, 7 hits, 0 errors, 3 left on base; Greenville 0 - Hickory 6
TOP OF THE 3RD
Greenville Drive batting - Pitching for Hickory Crawdads : LHP Logan Benson
Batting: RHB Nick Cottrell 0-0: Called Strike
0-1: Ball
1-1: Foul Ball, location: 2F
1-2: Ground out 6-3 (Groundball, 6, EV 81.9 MPH)
Batting: RHB Frank Sokolosky 0-0: Called Strike
0-1: DOUBLE (Line Drive, 89XD, EV 100.6 MPH)
Batting: RHB Jose Diaz 0-0: Ball
1-0: Ground out 5-3 (Groundball, 5, EV 101.9 MPH)
Batting: RHB Dave Nickerson 0-0: Foul Ball, location: 2F
0-1: Foul Ball, location: 2F
0-2: Ball
1-2: Ball
2-2: Foul Ball, location: 2F
2-2: Ground out 4-3 (Groundball, 4, EV 82.5 MPH)
Top of the 3rd over - 0 runs, 1 hit, 0 errors, 1 left on base; Greenville 0 - Hickory 6
BOTTOM OF THE 3RD
Hickory Crawdads batting - Pitching for Greenville Drive : RHP Kasper Larkin
Batting: RHB Mike Trujillo 0-0: Foul Ball, location: 2F
0-1: Ball
1-1: Swinging Strike
1-2: Strikes out swinging
Batting: RHB Mike Meeker 0-0: Ball
1-0: Ball
2-0: SINGLE (Groundball, 56D, EV 97.5 MPH)
Batting: RHB Antonio Pacheco 0-0: Hit by Pitch
Mike Meeker to second
Batting: RHB Luke Stark 0-0: Foul Ball, location: 2F
0-1: Ball
1-1: Called Strike
1-2: Foul Ball, location: 2F
1-2: Foul Ball, location: 2F
1-2: Foul Ball, location: 2F
1-2: Fielders Choice at 2nd, 3-6 (Groundball, 34, EV 85.6 MPH)
Mike Meeker to third
Batting: RHB Tom Beckman 0-0: Called Strike
Luke Stark steals 2nd base
0-1: Ball
1-1: Ball
2-1: Foul Ball, location: 2F
2-2: Strikes out swinging
Bottom of the 3rd over - 0 runs, 1 hit, 0 errors, 2 left on base; Greenville 0 - Hickory 6
TOP OF THE 4TH
Greenville Drive batting - Pitching for Hickory Crawdads : LHP Logan Benson
Batting: RHB Tommy Boudreaux 0-0: Ball
1-0: Ball
2-0: Called Strike
2-1: SINGLE (Groundball, 6MD, EV 99.4 MPH)
Batting: RHB Mike Cavagnaro 0-0: Called Strike
0-1: Grounds into double play, 5-4-3 (Groundball, 5, EV 106.2 MPH)
Batting: LHB Frank Olivo 0-0: Ball
1-0: Called Strike
1-1: Called Strike
1-2: Ball
2-2: Ground out 6-3 (Groundball, 6, EV 101.2 MPH)
Top of the 4th over - 0 runs, 1 hit, 0 errors, 0 left on base; Greenville 0 - Hickory 6
BOTTOM OF THE 4TH
Hickory Crawdads batting - Pitching for Greenville Drive : RHP Kasper Larkin
Batting: LHB Nick Foutz 0-0: Ball
1-0: Swinging Strike
1-1: Ball
2-1: Ground out 6-3 (Groundball, 6M, EV 99.4 MPH)
Batting: RHB Andy Sheridan 0-0: Ball
1-0: Called Strike
1-1: Ball
2-1: Ground out 5-3 (Groundball, 56, EV 101.9 MPH)
Batting: RHB Chance Lamb 0-0: Ball
1-0: Called Strike
1-1: Ground out 4-3 (Groundball, 4, EV 103.1 MPH)
Bottom of the 4th over - 0 runs, 0 hits, 0 errors, 0 left on base; Greenville 0 - Hickory 6
TOP OF THE 5TH
Greenville Drive batting - Pitching for Hickory Crawdads : LHP Logan Benson
Batting: RHB Larry Brocato 0-0: Swinging Strike
0-1: Ball
1-1: Called Strike
1-2: Ball
2-2: Foul Ball, location: 2F
2-2: Strikes out swinging
Batting: RHB Norimoto Miyanishi 0-0: Ball
1-0: Ball
2-0: Fly out, F9 (Flyball, 9, EV 81.2 MPH)
Batting: RHB Nick Cottrell 0-0: Called Strike
0-1: Fly out, F8 (Flyball, 8RD, EV 102.5 MPH)
Top of the 5th over - 0 runs, 0 hits, 0 errors, 0 left on base; Greenville 0 - Hickory 6
BOTTOM OF THE 5TH
Hickory Crawdads batting - Pitching for Greenville Drive : RHP Kasper Larkin
Batting: RHB Josh Ferguson 0-0: Ball
1-0: Ball
2-0: SINGLE (Groundball, 6MD, EV 95.0 MPH)
Pitching: RHP Ricardo Bautista
Batting: RHB Mike Trujillo 0-0: Called Strike
0-1: Called Strike
0-2: TRIPLE (Flyball, 78XD, EV 105.6 MPH)
Josh Ferguson scores
Batting: RHB Mike Meeker 0-0: Ball
1-0: Ball
2-0: Foul Ball, location: 2F
2-1: Swinging Strike
2-2: Ball
3-2: Strikes out swinging
Batting: RHB Antonio Pacheco 0-0: Foul Ball, location: 2F
0-1: Foul Ball, location: 2F
0-2: Fly out, F8 (Line Drive, 8RD, EV 87.5 MPH)
Runner from 3rd tags up, SCORES, throw by CF
Batting: RHB Luke Stark 0-0: Ground out 5-3 (Groundball, 5, EV 105.0 MPH)
Bottom of the 5th over - 2 runs, 2 hits, 0 errors, 0 left on base; Greenville 0 - Hickory 8
TOP OF THE 6TH
Greenville Drive batting - Pitching for Hickory Crawdads : LHP Logan Benson
Batting: RHB Frank Sokolosky 0-0: Called Strike
0-1: Fly out, F8 (Flyball, 8RD, EV 99.4 MPH)
Batting: RHB Jose Diaz 0-0: Fly out, F7 (Flyball, 7LD, EV 91.9 MPH)
Batting: RHB Dave Nickerson 0-0: Swinging Strike
0-1: Swinging Strike
0-2: Foul Ball, location: 2F
0-2: Strikes out swinging
Top of the 6th over - 0 runs, 0 hits, 0 errors, 0 left on base; Greenville 0 - Hickory 8
BOTTOM OF THE 6TH
Hickory Crawdads batting - Pitching for Greenville Drive : RHP Ricardo Bautista
Batting: RHB Tom Beckman 0-0: Called Strike
0-1: Ball
1-1: Ball
2-1: Foul Ball, location: 2F
2-2: Ball
3-2: Strikes out swinging
Batting: LHB Nick Foutz 0-0: Called Strike
0-1: Ball
1-1: SOLO HOME RUN (Line Drive, 9D, EV 99.4 MPH), Distance : 390 ft
Batting: RHB Andy Sheridan 0-0: Ball
1-0: Ball
2-0: Called Strike
2-1: Foul Ball, location: 2F
2-2: Foul Ball, location: 2F
2-2: Ball
3-2: SINGLE (Line Drive, 7LS, EV 106.2 MPH)
Batting: RHB Chance Lamb 0-0: Ball
1-0: Ball
2-0: Ball
3-0: Base on Balls
Andy Sheridan to second
Batting: RHB Josh Ferguson 0-0: Foul Ball, location: 2F
0-1: Grounds into double play, 6-4-3 (Groundball, 6, EV 93.1 MPH)
Bottom of the 6th over - 1 run, 2 hits, 0 errors, 1 left on base; Greenville 0 - Hickory 9
TOP OF THE 7TH
Greenville Drive batting - Pitching for Hickory Crawdads : LHP Logan Benson
Now at 1B: Bernie Varela
Pinch Hitting: LHB Miguel Maymi 0-0: Called Strike
0-1: Ball
1-1: Ground out 2-3 (Groundball, 2R, EV 65.0 MPH)
Batting: RHB Mike Cavagnaro 0-0: Called Strike
0-1: Swinging Strike
0-2: Ball
1-2: Ball
2-2: Foul Ball, location: 2F
2-2: Ball
3-2: Foul Ball, location: 2F
3-2: Fly out, F8 (Flyball, 89D, EV 93.1 MPH)
Pinch Hitting: RHB Nick Ameen 0-0: Called Strike
0-1: SINGLE (Line Drive, 78M, EV 92.5 MPH)
Batting: RHB Larry Brocato 0-0: Called Strike
0-1: Ball
1-1: Foul Ball, location: 2F
1-2: Ball
Passed Ball!
Nick Ameen to second
2-2: Foul Ball, location: 2F
2-2: Ball
3-2: Ground out 6-3 (Groundball, 56, EV 97.5 MPH)
Top of the 7th over - 0 runs, 1 hit, 0 errors, 1 left on base; Greenville 0 - Hickory 9
BOTTOM OF THE 7TH
Hickory Crawdads batting - Pitching for Greenville Drive : RHP Ricardo Bautista
Now at 1B: Miguel Maymi
Now in RF: David Clark
Batting: RHB Mike Trujillo 0-0: Swinging Strike
0-1: Ball
1-1: Called Strike
1-2: Ball
2-2: Foul Ball, location: 2F
2-2: Foul Ball, location: 2F
2-2: Strikes out looking
Batting: RHB Mike Meeker 0-0: Ball
1-0: Foul Ball, location: 2F
1-1: Ball
2-1: Fly out, F8 (Flyball, 8RD, EV 99.4 MPH)
Batting: RHB Antonio Pacheco 0-0: Ball
1-0: Foul Ball, location: 2F
1-1: Swinging Strike
1-2: Ball
2-2: Ball
3-2: Base on Balls
Batting: RHB Luke Stark 0-0: Ball
1-0: Foul Ball, location: 2F
1-1: Foul Ball, location: 2F
1-2: Ball
2-2: 2-RUN HOME RUN (Flyball, 7D, EV 98.8 MPH), Distance : 394 ft
Pitching: RHP Wing-chiu Ya
Batting: RHB Tom Beckman 0-0: Ball
1-0: Called Strike
1-1: Foul Ball, location: 2F
1-2: Ball
2-2: Ball
3-2: Ground out 3-1 (Groundball, 34S, EV 88.1 MPH)
Bottom of the 7th over - 2 runs, 1 hit, 0 errors, 0 left on base; Greenville 0 - Hickory 11
TOP OF THE 8TH
Greenville Drive batting - Pitching for Hickory Crawdads : LHP Logan Benson
Pitching: RHP Morton Gimsing
Now at 2B: Chance Lamb
Now at SS: Alex Vasquez
Batting: RHB Norimoto Miyanishi 0-0: Called Strike
0-1: Ball
1-1: Foul Ball, location: 2F
1-2: Foul Ball, location: 2F
1-2: Strikes out swinging
Batting: RHB Nick Cottrell 0-0: Called Strike
0-1: Foul Ball, location: 2F
0-2: SINGLE (Line Drive, 9S, EV 93.8 MPH)
Batting: RHB Frank Sokolosky 0-0: SINGLE (Line Drive, 8LS, EV 90.6 MPH)
Nick Cottrell to second
Batting: RHB Jose Diaz 0-0: Ball
1-0: Fly out, F5 (Line Drive, 5, EV 70.0 MPH)
Batting: RHB Dave Nickerson 0-0: Ball
1-0: Called Strike
1-1: Ball
2-1: Swinging Strike
2-2: Strikes out swinging
Top of the 8th over - 0 runs, 2 hits, 0 errors, 2 left on base; Greenville 0 - Hickory 11
BOTTOM OF THE 8TH
Hickory Crawdads batting - Pitching for Greenville Drive : RHP Wing-chiu Ya
Batting: LHB Nick Foutz 0-0: SINGLE (Groundball, 4MD, EV 98.8 MPH)
Batting: RHB Bernie Varela 0-0: Called Strike
0-1: Called Strike
0-2: Ball
1-2: Ball
2-2: Ball
3-2: Base on Balls
Nick Foutz to second
Batting: RHB Chance Lamb 0-0: Foul Ball, location: 2F
0-1: Ball
1-1: Ball
2-1: Ball
3-1: Swinging Strike
3-2: Base on Balls
Nick Foutz to third
Bernie Varela to second
Batting: RHB Josh Ferguson 0-0: Ball
1-0: Called Strike
1-1: Ball
2-1: Foul Ball, location: 2F
2-2: Strikes out swinging
Batting: RHB Mike Trujillo 0-0: Ground out 6-3 (Groundball, 6MS, EV 85.6 MPH)
Nick Foutz scores
Bernie Varela to third
Chance Lamb to second
Batting: RHB Mike Meeker 0-0: Ball
1-0: Ball
2-0: Called Strike
2-1: Ball
3-1: Base on Balls
Batting: RHB Antonio Pacheco 0-0: Called Strike
0-1: Ball
1-1: Called Strike
1-2: Ball
2-2: Fly out, F8 (Flyball, 8LXD, EV 100.6 MPH)
Bottom of the 8th over - 1 run, 1 hit, 0 errors, 3 left on base; Greenville 0 - Hickory 12
TOP OF THE 9TH
Greenville Drive batting - Pitching for Hickory Crawdads : RHP Morton Gimsing
Now at 2B: Alex Vasquez
Now at SS: Darnell Jones
Batting: LHB Miguel Maymi 0-0: Called Strike
0-1: Ball
1-1: Ground out 6-3 (Groundball, 6, EV 98.8 MPH)
Batting: RHB Mike Cavagnaro 0-0: Called Strike
0-1: Ball
1-1: Ball
2-1: Fly out, F8 (Flyball, 78D, EV 88.1 MPH)
Batting: RHB David Clark 0-0: Ball
1-0: Ground out 3-1 (Groundball, 34, EV 105.6 MPH)
Top of the 9th over - 0 runs, 0 hits, 0 errors, 0 left on base; Greenville 0 - Hickory 12
Wednesday, June 22nd , 2022 - OOTP Baseball 23.4 Build 64